Monarchs vs Knights
Created - January 16, 2021 at 19:05
Goals
|
| Monarchs |
0 |
4 |
2 |
1 |
7 |
| Knights |
0 |
4 |
2 |
0 |
6 |
|
Shots
|
| Monarchs |
9 |
18 |
9 |
1 |
37 |
| Knights |
5 |
24 |
10 |
0 |
39 |
|
1st period
No Goal
Penalties :
Brock Boeser (MAN) for Tripping (Minor) at 10:21, Andy Andreoff (MAN) for High sticking (Double Minor) at 16:44
2nd period
1. Knights , Miro Aaltonen 14 (Alex Iafallo 13, Alexandre Carrier 4) at 0:16 (PP)
2. Monarchs , Jacob Josefson 3 (Olli Maatta 14, Markus Nutivaara 14) at 1:50
3. Knights , Miro Aaltonen 15 (Dwight King 14, Vince Hinostroza 21) at 4:43
4. Knights , Dominik Kahun 3 (Mirco Mueller 4, Josh Bailey 11) at 6:44
5. Monarchs , Noah Hanifin 2 (Dmitri Orlov 12) at 11:28
6. Knights , Nathan Walker 9 (Miro Aaltonen 19) at 13:58 (PP)
7. Monarchs , Mikko Rantanen 16 (Daultan Leveillé 31) at 17:18
8. Monarchs , Zach Werenski 9 (Riley Armstrong 6) at 19:35
Penalties :
Markus Nutivaara (MAN) for Interference (Minor) at 13:49
3rd period
9. Knights , Jordan Martinook 10 (Josh Bailey 12, Dominik Kahun 10) at 17:37
10. Knights , Alex Iafallo 8 (Miro Aaltonen 20, Nathan Walker 6) at 17:57 (PP)
11. Monarchs , Daultan Leveillé 15 (Mikko Rantanen 16, Andy Andreoff 10) at 18:34
12. Monarchs , Brendan Perlini 8 (Dmitri Orlov 13, Jacob Josefson 2) at 19:41
Penalties :
Josh Bailey (Lon) for Slashing (Minor) at 3:17, Nicholas Baptiste (MAN) for Hooking (Minor) at 17:40
Overtime #1
13. Monarchs , Mikko Rantanen 17 (Daultan Leveillé 32, Zach Werenski 32) at 0:18
Penalties :
No Penalty
Goalie Stats
Alexandar Georgiev (MAN), 33 saves from 39 shots - (0.846), W, 10-10-3, 59:54 minutes
Elvis Merzlikins (Lon), 30 saves from 37 shots - (0.811), OTL, 12-8-2, 60:18 minutes
Players Stats for Monarchs
Player Name G A P +/- PIM S H SB GA TA FO MP PP MP PK MP
------------------------------------------------------------------------------------
Andy Andreoff 0 1 1 2 4 0 3 0 0 1 0/0 14:45 0:09 0:22
Anthony Cirelli 0 0 0 -2 0 0 2 2 1 0 2/8 12:46 0:00 3:08
Brendan Perlini 1 0 1 2 0 1 2 0 0 1 1/1 14:57 0:59 0:00
Brock Boeser 0 0 0 1 2 1 0 0 0 0 0/0 15:03 0:51 0:00
Cedric Paquette 0 0 0 0 0 0 0 0 0 0 0/0 0:56 0:00 0:56
Daultan Leveillé 1 2 3 3 0 2 4 1 1 0 11/20 16:56 0:59 1:31
Dmitri Orlov 0 2 2 1 0 4 2 2 0 2 0/0 16:53 0:00 2:32
Jacob De La Rose 0 0 0 -2 0 0 1 0 0 0 0/0 13:04 0:09 3:06
Jacob Josefson 1 1 2 2 0 2 1 0 0 0 6/11 13:58 0:00 0:00
Jacob Larsson 0 0 0 0 0 0 0 0 0 0 0/0 0:00 0:00 0:00
Josh Anderson 0 0 0 -2 0 1 3 0 0 0 0/0 9:38 0:00 0:00
Josh Manson 0 0 0 1 0 3 1 3 0 1 0/0 22:55 0:00 3:14
JT Compher 0 0 0 1 0 6 1 0 0 0 0/1 16:20 0:51 1:20
Markus Nutivaara 0 1 1 1 2 2 1 1 0 2 0/0 19:32 1:09 0:11
Mikko Rantanen 2 1 3 3 0 6 1 0 1 1 1/3 15:21 0:59 0:00
Nicholas Baptiste 0 0 0 2 2 1 2 1 0 0 2/2 14:17 0:09 0:00
Noah Hanifin 1 0 1 1 0 1 0 0 0 0 0/0 14:42 0:50 0:11
Olli Maatta 0 1 1 2 0 2 2 0 0 0 0/0 22:18 0:50 3:14
Riley Armstrong 0 1 1 1 0 2 2 0 0 1 5/12 16:35 0:51 1:31
Roman Josi 0 0 0 0 0 0 0 0 0 0 0/0 0:00 0:00 0:00
Zach Werenski 1 1 2 2 0 3 3 0 2 0 0/0 24:15 1:09 2:32
Players Stats for Knights
Player Name G A P +/- PIM S H SB GA TA FO MP PP MP PK MP
------------------------------------------------------------------------------------
Alex Iafallo 1 1 2 -1 0 1 0 0 1 1 0/0 16:26 2:58 1:04
Alexandre Carrier 0 1 1 -1 0 0 0 0 0 0 0/0 17:42 3:25 0:00
Brendan Gaunce 0 0 0 -2 0 3 1 0 1 0 5/11 15:41 2:13 0:48
Dominik Kahun 1 1 2 2 0 4 0 0 0 0 0/2 13:00 0:06 0:12
Dwight King 0 1 1 -3 0 2 4 0 0 0 0/0 21:08 2:13 0:43
Iiro Pakarinen 0 0 0 -4 0 4 3 1 2 0 1/1 19:17 0:37 0:00
Jeremy Bracco 0 0 0 -1 0 1 0 0 0 0 0/0 10:06 0:00 0:00
John Marino 0 0 0 0 0 0 0 1 0 0 0/0 17:00 2:51 0:00
Jordan Martinook 1 0 1 1 0 4 1 0 1 0 1/2 14:56 0:27 0:59
Josh Bailey 0 2 2 2 2 2 4 2 0 0 0/0 15:13 2:13 0:00
Ludwig Bystrom 0 0 0 -3 0 0 2 0 0 0 0/0 24:59 3:00 0:43
Matthew Benning 0 0 0 0 0 0 3 1 1 1 0/0 17:34 0:06 0:43
Mirco Mueller 0 1 1 -4 0 2 1 2 0 1 0/0 22:52 0:06 1:16
Miro Aaltonen 2 2 4 -3 0 8 1 0 1 0 21/38 21:05 3:11 0:00
Nathan Walker 1 1 2 -1 0 5 3 0 1 0 0/0 10:21 1:03 0:12
Nicolas Petan 0 0 0 -1 0 1 2 0 0 0 2/4 9:06 0:00 0:00
Vince Hinostroza 0 1 1 0 0 2 2 0 0 1 0/0 12:42 2:50 0:00
Vladislav Gavrikov 0 0 0 0 0 0 0 1 1 1 0/0 20:04 2:26 1:16
3 Stars
1 - Mikko Rantanen (MAN)
2 - Daultan Leveillé (MAN)
3 - Zach Werenski (MAN)
Power Play
Monarchs - 0 on 1 Attempt(s) - 0.00%
Knights - 3 on 5 Attempt(s) - 60.00%
Penalty Kill
Monarchs - 2 on 5 Attempt(s) - 40.00%
- Score 0 goal in Penalty Kill
Knights - 1 on 1 Attempt(s) - 100.00%
- Score 0 goal in Penalty Kill
Team Stat
Monarchs - Hits : 31 - Faceoff Wins : 28 - Blocked Shots : 10 - Penalty Minutes : 10
Knights - Hits : 27 - Faceoff Wins : 30 - Blocked Shots : 8 - Penalty Minutes : 2
Official
Referees : Unknown
Linesman : Unknown
Game Notes
Vince Hinostroza is injured at 14:03 of 2nd period (Bruised Right Arm)
Finance
Level 1 -- Attendance: 2000 (100.00%) -- Ticket Income $50,000
Level 2 -- Attendance: 985 (98.50%) -- Ticket Income $12,805
Total Attendance: 2985 (99.50%)
Total Ticket Income: $62,805
Other Income: $3,140
Total Income: $65,945
Monarchs
5 vs 5 Forward
Center Left Wing Right Wing Time % Phy DF OF
1 Daultan Leveillé Andy Andreoff Mikko Rantanen 30 1 2 2
2 Riley Armstrong JT Compher Brock Boeser 30 1 2 2
3 Jacob Josefson Brendan Perlini Nicholas Baptiste 25 1 2 2
4 Anthony Cirelli Jacob De La Rose Josh Anderson 15 1 2 2
5 vs 5 Defense
Defense Defense Time % Phy DF OF
1 Josh Manson Zach Werenski 35 0 3 2
2 Olli Maatta Markus Nutivaara 35 1 3 1
3 Dmitri Orlov Noah Hanifin 25 1 2 2
4 Zach Werenski Dmitri Orlov 5 1 2 2
PowerPlay Forward
Center Left Wing Right Wing Time % Phy DF OF
1 Daultan Leveillé Brendan Perlini Mikko Rantanen 60 1 2 2
2 Riley Armstrong JT Compher Brock Boeser 40 1 2 2
PowerPlay Defense
Defense Defense Time % Phy DF OF
1 Markus Nutivaara Zach Werenski 60 0 2 3
2 Noah Hanifin Olli Maatta 40 0 2 3
Penalty Kill 4 Players Forward
Center Wing Time % Phy DF OF
1 Anthony Cirelli Jacob De La Rose 60 1 3 1
2 Daultan Leveillé Riley Armstrong 40 1 3 1
Penalty Kill 4 Players Defense
Defense Defense Time % Phy DF OF
1 Olli Maatta Josh Manson 60 1 3 1
2 Dmitri Orlov Zach Werenski 40 1 3 1
Penalty Kill - 3 Players Forward
Forward Time % Phy DF OF
1 Daultan Leveillé 60 1 3 1
2 Riley Armstrong 40 1 3 1
Penalty Kill - 3 Players Defense
Defense Defense Time % Phy DF OF
1 Josh Manson Olli Maatta 60 1 3 1
2 Zach Werenski Dmitri Orlov 40 1 3 1
4 vs 4 Forward
Center Wing Time % Phy DF OF
1 Daultan Leveillé Mikko Rantanen 60 1 2 2
2 Riley Armstrong JT Compher 40 1 2 2
4 vs 4 Defense
Defense Defense Time % Phy DF OF
1 Olli Maatta Zach Werenski 60 1 2 2
2 Josh Manson Markus Nutivaara 40 1 2 2
Last Minutes Offensive
Center Left Wing Right Wing Defense Defense
Riley Armstrong JT Compher Mikko Rantanen Markus Nutivaara Zach Werenski
Last Minutes Defensive
Center Left Wing Right Wing Defense Defense
Riley Armstrong Jacob De La Rose Nicholas Baptiste Olli Maatta Josh Manson
Goaltenders
Starting : Alexandar Georgiev
Backup : Jake Allen
Extra Forwards
Normal : JT Compher, Brendan Perlini, Andy Andreoff - PP : Riley Armstrong, Jacob De La Rose - PK : Andy Andreoff
Extra Defensemen
Normal : Zach Werenski, Josh Manson, Olli Maatta - PP : Dmitri Orlov - PK : Zach Werenski, Markus Nutivaara
Penalty Shots
Andy Andreoff, Mikko Rantanen, JT Compher, Jacob De La Rose, Olli Maatta
Scratches
Jordan Weal (Healthy), Stefan Matteau (Healthy), Matt Roy (Healthy), Kurtis Macdermid (Healthy), Blake Lizotte (Healthy)
Bokondji Imama (Healthy), Derek Forbort (Healthy), Nick Ritchie (Healthy), Austin Wuthrich (Healthy), Cal Petersen (Healthy)
Knights
5 vs 5 Forward
Center Left Wing Right Wing Time % Phy DF OF
1 Miro Aaltonen Dwight King Vince Hinostroza 40 1 2 2
2 Brendan Gaunce Alex Iafallo Iiro Pakarinen 30 1 2 2
3 Dominik Kahun Jordan Martinook Josh Bailey 20 1 2 2
4 Nicolas Petan Nathan Walker Jeremy Bracco 10 1 2 2
5 vs 5 Defense
Defense Defense Time % Phy DF OF
1 Mirco Mueller Ludwig Bystrom 43 1 3 1
2 Vladislav Gavrikov Matthew Benning 34 1 3 1
3 John Marino Alexandre Carrier 23 1 2 2
4 Vladislav Gavrikov Mirco Mueller 0 1 2 2
PowerPlay Forward
Center Left Wing Right Wing Time % Phy DF OF
1 Miro Aaltonen Alex Iafallo Vince Hinostroza 60 0 1 4
2 Brendan Gaunce Dwight King Josh Bailey 40 0 1 4
PowerPlay Defense
Defense Defense Time % Phy DF OF
1 Ludwig Bystrom Alexandre Carrier 60 0 1 4
2 John Marino Vladislav Gavrikov 40 0 1 4
Penalty Kill 4 Players Forward
Center Wing Time % Phy DF OF
1 Jordan Martinook Vince Hinostroza 60 1 3 1
2 Josh Bailey Dwight King 40 1 3 1
Penalty Kill 4 Players Defense
Defense Defense Time % Phy DF OF
1 Mirco Mueller Vladislav Gavrikov 60 1 4 0
2 Matthew Benning Ludwig Bystrom 40 1 4 0
Penalty Kill - 3 Players Forward
Forward Time % Phy DF OF
1 Jordan Martinook 60 0 4 1
2 Vince Hinostroza 40 0 4 1
Penalty Kill - 3 Players Defense
Defense Defense Time % Phy DF OF
1 Mirco Mueller Vladislav Gavrikov 60 1 3 1
2 Matthew Benning Ludwig Bystrom 40 1 3 1
4 vs 4 Forward
Center Wing Time % Phy DF OF
1 Miro Aaltonen Vince Hinostroza 60 1 2 2
2 Brendan Gaunce Dwight King 40 1 2 2
4 vs 4 Defense
Defense Defense Time % Phy DF OF
1 Mirco Mueller Alexandre Carrier 60 1 2 2
2 Ludwig Bystrom Vladislav Gavrikov 40 1 2 2
Last Minutes Offensive
Center Left Wing Right Wing Defense Defense
Miro Aaltonen Dwight King Vince Hinostroza Vladislav Gavrikov Alexandre Carrier
Last Minutes Defensive
Center Left Wing Right Wing Defense Defense
Brendan Gaunce Jordan Martinook Vince Hinostroza Mirco Mueller Vladislav Gavrikov
Goaltenders
Starting : Elvis Merzlikins
Backup : Magnus Hellberg
Extra Forwards
Normal : Dwight King, Iiro Pakarinen, Vince Hinostroza - PP : Nathan Walker, Vince Hinostroza - PK : Vince Hinostroza
Extra Defensemen
Normal : Alexandre Carrier, Vladislav Gavrikov, Ludwig Bystrom - PP : Alexandre Carrier - PK : Ludwig Bystrom, Mirco Mueller
Penalty Shots
Miro Aaltonen, Nathan Walker, Dwight King, Iiro Pakarinen, Vince Hinostroza
Scratches
Nicklas Jensen (Healthy), Mitchell Stephens (Healthy), Sami Niku (Healthy), Alan Quine (Healthy), David Kase (Healthy)
Mackenzie MacEachern (Healthy), Martin Frk (Healthy), Curtis Lazar (Healthy), Jeff Petry (Healthy), Jesse Graham (Healthy)
Jayce Hawryluk (Healthy), Nikolay Goldobin (Sprained Left Finger Injury), Oskar Lindblom (Healthy), Ryan Collins (Healthy), William Lagesson (Healthy)
Joey Daccord (Healthy), Philippe Desrosiers (Healthy)
% Time on Ice - Monarchs
Lines # - Real PCT - Wanted PCT - Time Play
Normal Forward
1 - 27% - 30% - 14:15
2 - 27% - 30% - 14:13
3 - 27% - 25% - 13:58
4 - 19% - 15% - 9:38
Normal Defense
1 - 35% - 35% - 18:28
2 - 36% - 35% - 18:50
3 - 26% - 25% - 13:30
4 - 2% - 5% - 1:16
PP Forward
1 - 57% - 60% - 1:08
2 - 43% - 40% - 0:51
PP Defense
1 - 58% - 60% - 1:09
2 - 42% - 40% - 0:50
PK Forward
1 - 75% - 60% - 4:26
2 - 25% - 40% - 1:31
PK Defense
1 - 57% - 60% - 3:25
2 - 43% - 40% - 2:32
PK3 Forward
1 - 0% - 60%
2 - 0% - 40%
PK3 Defense
1 - 0% - 60%
2 - 0% - 40%
44 Forward
1 - 100% - 60% - 0:18
2 - 0% - 40% - 0:00
44 Defense
1 - 100% - 60% - 0:18
2 - 0% - 40% - 0:00
Last Minute Offensive - 0:00
Last Minute Defensive - 0:00
Total
Forward - 60:18
Defense - 60:18
|
% Time on Ice - Knights
Lines # - Real PCT - Wanted PCT - Time Play
Normal Forward
1 - 35% - 40% - 17:50
2 - 23% - 30% - 11:38
3 - 25% - 20% - 12:42
4 - 18% - 10% - 9:06
Normal Defense
1 - 41% - 43% - 21:14
2 - 32% - 34% - 16:23
3 - 26% - 23% - 13:30
4 - 0% - 0% - 0:09
PP Forward
1 - 57% - 60% - 3:23
2 - 43% - 40% - 2:34
PP Defense
1 - 59% - 60% - 3:31
2 - 41% - 40% - 2:26
PK Forward
1 - 100% - 60% - 1:59
2 - 0% - 40% - 0:00
PK Defense
1 - 64% - 60% - 1:16
2 - 36% - 40% - 0:43
PK3 Forward
1 - 0% - 60%
2 - 0% - 40%
PK3 Defense
1 - 0% - 60%
2 - 0% - 40%
44 Forward
1 - 100% - 60% - 0:18
2 - 0% - 40% - 0:00
44 Defense
1 - 100% - 60% - 0:18
2 - 0% - 40% - 0:00
Last Minute Offensive - 0:00
Last Minute Defensive - 0:48
Total
Forward - 60:18
Defense - 60:18
|
Play-by-Play
1st period
0:01 of 1st period - Miro Aaltonen wins face-off versus Daultan Leveillé in neutral zone.
0:42 of 1st period - Ludwig Bystrom is hit by JT Compher and loses puck.
1:00 of 1st period - Slapshot by JT Compher.
1:00 of 1st period - Stopped by Elvis Merzlikins without a rebound.
1:01 of 1st period - Jacob Josefson wins face-off versus Dominik Kahun in Knights zone.
1:49 of 1st period - Alexandre Carrier is hit by Daultan Leveillé and loses puck.
2:14 of 1st period - Wrist shot by Brendan Gaunce.
2:14 of 1st period - Stopped by Alexandar Georgiev with a rebound.
2:20 of 1st period - Alex Iafallo is hit by Riley Armstrong and loses puck.
2:33 of 1st period - Slapshot by Josh Bailey.
2:33 of 1st period - Shot Misses the Net.
2:39 of 1st period - Jordan Martinook is hit by Olli Maatta and loses puck.
2:50 of 1st period - Alexandre Carrier is hit by Jacob De La Rose and loses puck.
3:37 of 1st period - Zach Werenski is hit by Matthew Benning and loses puck.
4:35 of 1st period - Olli Maatta is hit by Nathan Walker.
4:47 of 1st period - Slapshot by JT Compher.
4:47 of 1st period - Stopped by Elvis Merzlikins with a rebound.
4:57 of 1st period - Wrist shot by Riley Armstrong.
4:57 of 1st period - Stopped by Elvis Merzlikins with a rebound.
5:07 of 1st period - Dominik Kahun is hit by Dmitri Orlov and loses puck.
5:28 of 1st period - Vince Hinostroza is hit by Josh Anderson and loses puck.
5:41 of 1st period - Ludwig Bystrom is hit by Andy Andreoff and loses puck.
5:50 of 1st period - Andy Andreoff is hit by Dwight King.
6:15 of 1st period - Wrist shot by Brendan Gaunce.
6:15 of 1st period - Stopped by Alexandar Georgiev with a rebound.
6:17 of 1st period - Wrist shot by Iiro Pakarinen.
6:17 of 1st period - Stopped by Alexandar Georgiev without a rebound.
6:18 of 1st period - Brendan Gaunce wins face-off versus Jacob Josefson in Monarchs zone.
6:21 of 1st period - Slapshot by Brendan Gaunce.
6:21 of 1st period - Shot Blocked by Nicholas Baptiste.
6:23 of 1st period - Snap shot by Iiro Pakarinen.
6:23 of 1st period - Stopped by Alexandar Georgiev without a rebound.
6:24 of 1st period - Jacob Josefson wins face-off versus Brendan Gaunce in Monarchs zone.
6:40 of 1st period - Icing by Josh Manson.
6:41 of 1st period - Jacob Josefson wins face-off versus Miro Aaltonen in Monarchs zone.
6:41 of 1st period - Jacob Josefson is hit by Dwight King.
6:51 of 1st period - Slapshot by Zach Werenski.
6:51 of 1st period - Shot Blocked by Mirco Mueller.
7:15 of 1st period - Wrist shot by Brendan Gaunce.
7:15 of 1st period - Shot Blocked by Josh Manson.
8:01 of 1st period - Wrist shot by Nathan Walker.
8:01 of 1st period - Stopped by Alexandar Georgiev without a rebound.
8:02 of 1st period - Miro Aaltonen wins face-off versus Anthony Cirelli in Monarchs zone.
8:17 of 1st period - Slapshot by Olli Maatta.
8:17 of 1st period - Stopped by Elvis Merzlikins with a rebound.
9:29 of 1st period - Matthew Benning is hit by Daultan Leveillé and loses puck.
9:42 of 1st period - Slapshot by Dmitri Orlov.
9:42 of 1st period - Stopped by Elvis Merzlikins with a rebound.
9:46 of 1st period - Slapshot by Dmitri Orlov.
9:46 of 1st period - Deflect By Brendan Gaunce.
9:46 of 1st period - Stopped by Elvis Merzlikins with a rebound.
9:48 of 1st period - Wrist shot by Anthony Cirelli.
9:48 of 1st period - Shot Misses the Net.
9:50 of 1st period - Slapshot by Dmitri Orlov.
9:50 of 1st period - Shot Misses the Net.
9:52 of 1st period - Wrist shot by Jacob De La Rose.
9:52 of 1st period - Shot Misses the Net.
10:21 of 1st period - Minor Penalty to Brock Boeser for Tripping.
10:22 of 1st period - Miro Aaltonen wins face-off versus Anthony Cirelli in Monarchs zone.
10:25 of 1st period - Snap shot by Miro Aaltonen.
10:25 of 1st period - Shot Misses the Net.
10:27 of 1st period - Slapshot by Miro Aaltonen.
10:27 of 1st period - Shot Blocked by Anthony Cirelli.
10:59 of 1st period - Daultan Leveillé is hit by Vince Hinostroza and loses puck.
12:21 of 1st period - Penalty to Brock Boeser is over, Brock Boeser is back on ice.
12:55 of 1st period - Snap shot by Andy Andreoff.
12:55 of 1st period - Shot Blocked by John Marino.
13:57 of 1st period - Snap shot by Mikko Rantanen.
13:57 of 1st period - Shot Misses the Net.
13:59 of 1st period - Slapshot by Josh Manson.
13:59 of 1st period - Stopped by Elvis Merzlikins with a rebound.
14:14 of 1st period - Dwight King is hit by Josh Anderson and loses puck.
15:04 of 1st period - Andy Andreoff is hit by Nathan Walker and loses puck.
15:11 of 1st period - Jeremy Bracco is hit by Andy Andreoff and loses puck.
15:22 of 1st period - Brendan Gaunce is hit by Anthony Cirelli and loses puck.
15:48 of 1st period - Markus Nutivaara is hit by Josh Bailey and loses puck.
16:20 of 1st period - Snap shot by Olli Maatta.
16:20 of 1st period - Stopped by Elvis Merzlikins without a rebound.
16:21 of 1st period - Mikko Rantanen wins face-off versus Nicolas Petan in Knights zone.
16:22 of 1st period - Slapshot by Zach Werenski.
16:22 of 1st period - Deflect By Jeremy Bracco.
16:22 of 1st period - Stopped by Elvis Merzlikins without a rebound.
16:23 of 1st period - Daultan Leveillé wins face-off versus Miro Aaltonen in Knights zone.
16:34 of 1st period - Slapshot by Miro Aaltonen.
16:34 of 1st period - Shot Blocked by Josh Manson.
16:44 of 1st period - Double Minor Penalty to Andy Andreoff for High sticking.
16:45 of 1st period - Anthony Cirelli wins face-off versus Miro Aaltonen in Monarchs zone.
17:24 of 1st period - Dmitri Orlov is hit by Dwight King and loses puck.
17:51 of 1st period - Ludwig Bystrom is hit by Daultan Leveillé and loses puck.
18:26 of 1st period - Riley Armstrong is hit by Brendan Gaunce and loses puck.
Goals for this period are 0 for Monarchs vs 0 for Knights.
Shots for this period are 9 for Monarchs vs 5 for Knights.
2nd period
0:01 of 2nd period - Anthony Cirelli wins face-off versus Miro Aaltonen in neutral zone.
0:16 of 2nd period - Snap shot by Miro Aaltonen.
0:16 of 2nd period - Goal by Miro Aaltonen - Monarchs : 0 - Knights : 1.
0:17 of 2nd period - Miro Aaltonen wins face-off versus Riley Armstrong in neutral zone.
0:24 of 2nd period - Snap shot by Dwight King.
0:24 of 2nd period - Stopped by Alexandar Georgiev with a rebound.
1:20 of 2nd period - Icing by Olli Maatta.
1:21 of 2nd period - Nicolas Petan wins face-off versus Jacob Josefson in Monarchs zone.
1:44 of 2nd period - Wrist shot by Brendan Perlini.
1:44 of 2nd period - Shot Misses the Net.
1:46 of 2nd period - Slapshot by Olli Maatta.
1:46 of 2nd period - Shot Misses the Net.
1:48 of 2nd period - Slapshot by Markus Nutivaara.
1:48 of 2nd period - Deflect By Alexandre Carrier.
1:48 of 2nd period - Stopped by Elvis Merzlikins with a rebound.
1:50 of 2nd period - Slapshot by Olli Maatta.
1:50 of 2nd period - Deflect By Jacob Josefson.
1:50 of 2nd period - Goal by Jacob Josefson - Monarchs : 1 - Knights : 1.
1:51 of 2nd period - Miro Aaltonen wins face-off versus Riley Armstrong in neutral zone.
2:13 of 2nd period - Icing by Dwight King.
2:14 of 2nd period - Daultan Leveillé wins face-off versus Miro Aaltonen in Knights zone.
2:25 of 2nd period - Snap shot by Daultan Leveillé.
2:25 of 2nd period - Stopped by Elvis Merzlikins without a rebound.
2:26 of 2nd period - Brendan Gaunce wins face-off versus Riley Armstrong in Knights zone.
2:54 of 2nd period - Off-side.
2:55 of 2nd period - Miro Aaltonen wins face-off versus Daultan Leveillé in neutral zone.
3:02 of 2nd period - Wrist shot by Vince Hinostroza.
3:02 of 2nd period - Stopped by Alexandar Georgiev with a rebound.
3:08 of 2nd period - Snap shot by Daultan Leveillé.
3:08 of 2nd period - Shot Misses the Net.
3:10 of 2nd period - Snap shot by Mikko Rantanen.
3:10 of 2nd period - Shot Misses the Net.
3:33 of 2nd period - Slapshot by Miro Aaltonen.
3:33 of 2nd period - Stopped by Alexandar Georgiev with a rebound.
3:35 of 2nd period - Snap shot by Miro Aaltonen.
3:35 of 2nd period - Shot Misses the Net.
3:37 of 2nd period - Slapshot by Matthew Benning.
3:37 of 2nd period - Shot Blocked by Markus Nutivaara.
4:08 of 2nd period - Markus Nutivaara is hit by Vince Hinostroza and loses puck.
4:43 of 2nd period - Snap shot by Miro Aaltonen.
4:43 of 2nd period - Goal by Miro Aaltonen - Monarchs : 1 - Knights : 2.
4:44 of 2nd period - Riley Armstrong wins face-off versus Brendan Gaunce in neutral zone.
4:46 of 2nd period - Off-side.
4:47 of 2nd period - Brendan Gaunce wins face-off versus Riley Armstrong in neutral zone.
5:16 of 2nd period - Slapshot by Zach Werenski.
5:16 of 2nd period - Deflect By JT Compher.
5:16 of 2nd period - Stopped by Elvis Merzlikins without a rebound.
5:17 of 2nd period - Daultan Leveillé wins face-off versus Nicolas Petan in Knights zone.
5:32 of 2nd period - Snap shot by Nathan Walker.
5:32 of 2nd period - Stopped by Alexandar Georgiev without a rebound.
5:33 of 2nd period - Riley Armstrong wins face-off versus Brendan Gaunce in Monarchs zone.
5:38 of 2nd period - Josh Manson is hit by Iiro Pakarinen and loses puck.
6:32 of 2nd period - Wrist shot by Dominik Kahun.
6:32 of 2nd period - Stopped by Alexandar Georgiev with a rebound.
6:38 of 2nd period - Slapshot by Jordan Martinook.
6:38 of 2nd period - Stopped by Alexandar Georgiev with a rebound.
6:40 of 2nd period - Snap shot by Ludwig Bystrom.
6:40 of 2nd period - Deflect By Jordan Martinook.
6:40 of 2nd period - Stopped by Alexandar Georgiev with a rebound.
6:42 of 2nd period - Wrist shot by Josh Bailey.
6:42 of 2nd period - Shot Blocked by Dmitri Orlov.
6:44 of 2nd period - Slapshot by Mirco Mueller.
6:44 of 2nd period - Deflect By Dominik Kahun.
6:44 of 2nd period - Goal by Dominik Kahun - Monarchs : 1 - Knights : 3.
6:45 of 2nd period - Miro Aaltonen wins face-off versus Daultan Leveillé in neutral zone.
7:15 of 2nd period - Off-side.
7:16 of 2nd period - Riley Armstrong wins face-off versus Brendan Gaunce in neutral zone.
7:21 of 2nd period - Wrist shot by Dmitri Orlov.
7:21 of 2nd period - Stopped by Elvis Merzlikins with a rebound.
7:41 of 2nd period - Wrist shot by Vince Hinostroza.
7:41 of 2nd period - Stopped by Alexandar Georgiev with a rebound.
7:49 of 2nd period - John Marino is hit by Andy Andreoff and loses puck.
8:04 of 2nd period - John Marino is hit by Zach Werenski and loses puck.
9:09 of 2nd period - Snap shot by Iiro Pakarinen.
9:09 of 2nd period - Stopped by Alexandar Georgiev without a rebound.
9:10 of 2nd period - Miro Aaltonen wins face-off versus Daultan Leveillé in Monarchs zone.
9:35 of 2nd period - Mirco Mueller is hit by Jacob Josefson and loses puck.
9:42 of 2nd period - Snap shot by Jacob Josefson.
9:42 of 2nd period - Shot Blocked by Josh Bailey.
9:44 of 2nd period - Slapshot by Brendan Perlini.
9:44 of 2nd period - Shot Misses the Net.
9:46 of 2nd period - Snap shot by Josh Manson.
9:46 of 2nd period - Stopped by Elvis Merzlikins with a rebound.
10:00 of 2nd period - Snap shot by Nathan Walker.
10:00 of 2nd period - Stopped by Alexandar Georgiev with a rebound.
10:21 of 2nd period - Snap shot by Brendan Gaunce.
10:21 of 2nd period - Stopped by Alexandar Georgiev with a rebound.
10:23 of 2nd period - Slapshot by Mirco Mueller.
10:23 of 2nd period - Shot Misses the Net.
10:25 of 2nd period - Snap shot by Mirco Mueller.
10:25 of 2nd period - Stopped by Alexandar Georgiev with a rebound.
10:27 of 2nd period - Slapshot by Mirco Mueller.
10:27 of 2nd period - Shot Misses the Net.
10:44 of 2nd period - Slapshot by Miro Aaltonen.
10:44 of 2nd period - Stopped by Alexandar Georgiev with a rebound.
11:28 of 2nd period - Slapshot by Noah Hanifin.
11:28 of 2nd period - Goal by Noah Hanifin - Monarchs : 2 - Knights : 3.
11:29 of 2nd period - Daultan Leveillé wins face-off versus Miro Aaltonen in neutral zone.
11:38 of 2nd period - Off-side.
11:39 of 2nd period - Daultan Leveillé wins face-off versus Miro Aaltonen in neutral zone.
12:19 of 2nd period - Slapshot by Zach Werenski.
12:19 of 2nd period - Shot Misses the Net.
12:21 of 2nd period - Slapshot by Mikko Rantanen.
12:21 of 2nd period - Stopped by Elvis Merzlikins without a rebound.
12:22 of 2nd period - Iiro Pakarinen wins face-off versus Riley Armstrong in Knights zone.
12:28 of 2nd period - Off-side.
12:29 of 2nd period - Riley Armstrong wins face-off versus Brendan Gaunce in neutral zone.
12:32 of 2nd period - Snap shot by Markus Nutivaara.
12:32 of 2nd period - Stopped by Elvis Merzlikins with a rebound.
12:51 of 2nd period - Brock Boeser is hit by Iiro Pakarinen and loses puck.
13:08 of 2nd period - Slapshot by JT Compher.
13:08 of 2nd period - Stopped by Elvis Merzlikins with a rebound.
13:38 of 2nd period - Wrist shot by JT Compher.
13:38 of 2nd period - Shot Misses the Net.
13:49 of 2nd period - Minor Penalty to Markus Nutivaara for Interference.
13:50 of 2nd period - Miro Aaltonen wins face-off versus Anthony Cirelli in Monarchs zone.
13:56 of 2nd period - Snap shot by Miro Aaltonen.
13:56 of 2nd period - Stopped by Alexandar Georgiev with a rebound.
13:58 of 2nd period - Slapshot by Nathan Walker.
13:58 of 2nd period - Goal by Nathan Walker - Monarchs : 2 - Knights : 4.
13:59 of 2nd period - Brendan Perlini wins face-off versus Miro Aaltonen in neutral zone.
14:02 of 2nd period - Vince Hinostroza is hit by Josh Manson.
14:03 of 2nd period - Vince Hinostroza from Knights is injured at 14:03 of 2nd period (Bruised Right Arm).
14:04 of 2nd period - Miro Aaltonen wins face-off versus Daultan Leveillé in Knights zone.
14:09 of 2nd period - Slapshot by Matthew Benning.
14:09 of 2nd period - Shot Blocked by Daultan Leveillé.
14:53 of 2nd period - Dmitri Orlov is hit by Josh Bailey and loses puck.
15:00 of 2nd period - Snap shot by Jordan Martinook.
15:00 of 2nd period - Shot Misses the Net.
15:02 of 2nd period - Slapshot by Mirco Mueller.
15:02 of 2nd period - Deflect By Brendan Perlini.
15:02 of 2nd period - Stopped by Alexandar Georgiev without a rebound.
15:03 of 2nd period - Nicolas Petan wins face-off versus Mikko Rantanen in Monarchs zone.
15:12 of 2nd period - Wrist shot by Jeremy Bracco.
15:12 of 2nd period - Stopped by Alexandar Georgiev with a rebound.
15:22 of 2nd period - Nicolas Petan is hit by Mikko Rantanen and loses puck.
15:45 of 2nd period - Snap shot by Daultan Leveillé.
15:45 of 2nd period - Deflect By Mikko Rantanen.
15:45 of 2nd period - Stopped by Elvis Merzlikins without a rebound.
15:46 of 2nd period - Miro Aaltonen wins face-off versus Jacob Josefson in Knights zone.
16:11 of 2nd period - Jacob Josefson is hit by Nicolas Petan and loses puck.
16:20 of 2nd period - Snap shot by Josh Manson.
16:20 of 2nd period - Stopped by Elvis Merzlikins with a rebound.
16:22 of 2nd period - Slapshot by Brendan Perlini.
16:22 of 2nd period - Shot Blocked by Vladislav Gavrikov.
16:24 of 2nd period - Wrist shot by Nicholas Baptiste.
16:24 of 2nd period - Deflect By Jacob Josefson.
16:24 of 2nd period - Shot Misses the Net.
16:24 of 2nd period - Puck is out of play.
16:25 of 2nd period - Miro Aaltonen wins face-off versus Riley Armstrong in Knights zone.
16:25 of 2nd period - Miro Aaltonen is hit by Olli Maatta.
16:41 of 2nd period - Slapshot by Miro Aaltonen.
16:41 of 2nd period - Deflect By Iiro Pakarinen.
16:41 of 2nd period - Stopped by Alexandar Georgiev with a rebound.
16:51 of 2nd period - Markus Nutivaara is hit by Matthew Benning and loses puck.
17:14 of 2nd period - Snap shot by JT Compher.
17:14 of 2nd period - Stopped by Elvis Merzlikins with a rebound.
17:16 of 2nd period - Snap shot by Riley Armstrong.
17:16 of 2nd period - Stopped by Elvis Merzlikins without a rebound.
17:17 of 2nd period - Daultan Leveillé wins face-off versus Miro Aaltonen in Knights zone.
17:18 of 2nd period - Snap shot by Mikko Rantanen.
17:18 of 2nd period - Goal by Mikko Rantanen - Monarchs : 3 - Knights : 4.
17:19 of 2nd period - Miro Aaltonen wins face-off versus Daultan Leveillé in neutral zone.
17:26 of 2nd period - Snap shot by Miro Aaltonen.
17:26 of 2nd period - Shot Misses the Net.
17:46 of 2nd period - Brendan Perlini is hit by Jordan Martinook and loses puck.
18:05 of 2nd period - Wrist shot by Josh Anderson.
18:05 of 2nd period - Stopped by Elvis Merzlikins with a rebound.
18:15 of 2nd period - Markus Nutivaara is hit by Matthew Benning and loses puck.
18:44 of 2nd period - Snap shot by Dominik Kahun.
18:44 of 2nd period - Stopped by Alexandar Georgiev without a rebound.
18:45 of 2nd period - Daultan Leveillé wins face-off versus Miro Aaltonen in Monarchs zone.
18:56 of 2nd period - Wrist shot by Miro Aaltonen.
18:56 of 2nd period - Stopped by Alexandar Georgiev with a rebound.
18:58 of 2nd period - Wrist shot by Dwight King.
18:58 of 2nd period - Stopped by Alexandar Georgiev without a rebound.
18:59 of 2nd period - Miro Aaltonen wins face-off versus Jacob Josefson in Monarchs zone.
19:33 of 2nd period - Backhand shot by Mikko Rantanen.
19:33 of 2nd period - Stopped by Elvis Merzlikins without a rebound.
19:34 of 2nd period - Riley Armstrong wins face-off versus Miro Aaltonen in Knights zone.
19:35 of 2nd period - Slapshot by Zach Werenski.
19:35 of 2nd period - Goal by Zach Werenski - Monarchs : 4 - Knights : 4.
19:36 of 2nd period - Miro Aaltonen wins face-off versus Daultan Leveillé in neutral zone.
19:48 of 2nd period - Zach Werenski is hit by Miro Aaltonen and loses puck.
Goals for this period are 4 for Monarchs vs 4 for Knights.
Shots for this period are 18 for Monarchs vs 24 for Knights.
3rd period
0:01 of 3rd period - Jacob Josefson wins face-off versus Brendan Gaunce in neutral zone.
0:26 of 3rd period - Iiro Pakarinen is hit by Zach Werenski and loses puck.
0:33 of 3rd period - Wrist shot by Brock Boeser.
0:33 of 3rd period - Stopped by Elvis Merzlikins without a rebound.
0:34 of 3rd period - Daultan Leveillé wins face-off versus Miro Aaltonen in Knights zone.
0:59 of 3rd period - Markus Nutivaara is hit by Ludwig Bystrom and loses puck.
1:06 of 3rd period - Snap shot by JT Compher.
1:06 of 3rd period - Stopped by Elvis Merzlikins with a rebound.
1:22 of 3rd period - Slapshot by Jordan Martinook.
1:22 of 3rd period - Shot Misses the Net.
1:24 of 3rd period - Slapshot by Ludwig Bystrom.
1:24 of 3rd period - Shot Misses the Net.
1:26 of 3rd period - Snap shot by Nathan Walker.
1:26 of 3rd period - Shot Blocked by Josh Manson.
1:28 of 3rd period - Snap shot by Nicolas Petan.
1:28 of 3rd period - Stopped by Alexandar Georgiev with a rebound.
1:30 of 3rd period - Slapshot by Ludwig Bystrom.
1:30 of 3rd period - Shot Misses the Net.
1:52 of 3rd period - Backhand shot by Josh Anderson.
1:52 of 3rd period - Shot Blocked by Matthew Benning.
2:10 of 3rd period - Andy Andreoff is hit by Josh Bailey and loses puck.
2:48 of 3rd period - Slapshot by Markus Nutivaara.
2:48 of 3rd period - Deflect By Nicholas Baptiste.
2:48 of 3rd period - Stopped by Elvis Merzlikins with a rebound.
2:50 of 3rd period - Slapshot by Markus Nutivaara.
2:50 of 3rd period - Shot Misses the Net.
2:52 of 3rd period - Snap shot by Jacob Josefson.
2:52 of 3rd period - Stopped by Elvis Merzlikins without a rebound.
2:53 of 3rd period - Nicholas Baptiste wins face-off versus Jordan Martinook in Knights zone.
3:17 of 3rd period - Minor Penalty to Josh Bailey for Slashing.
3:18 of 3rd period - Jordan Martinook wins face-off versus Daultan Leveillé in Knights zone.
4:06 of 3rd period - Vladislav Gavrikov is hit by Brendan Perlini and loses puck.
4:39 of 3rd period - Riley Armstrong is hit by Ludwig Bystrom.
4:49 of 3rd period - Slapshot by Dominik Kahun.
4:49 of 3rd period - Stopped by Alexandar Georgiev with a rebound.
5:17 of 3rd period - Penalty to Josh Bailey is over, Josh Bailey is back on ice.
5:17 of 3rd period - Alex Iafallo is hit by Nicholas Baptiste and loses puck.
5:24 of 3rd period - Snap shot by Nicholas Baptiste.
5:24 of 3rd period - Shot Blocked by Josh Bailey.
6:10 of 3rd period - Snap shot by Jordan Martinook.
6:10 of 3rd period - Shot Misses the Net.
6:12 of 3rd period - Snap shot by John Marino.
6:12 of 3rd period - Shot Misses the Net.
6:57 of 3rd period - Anthony Cirelli is hit by Dwight King and loses puck.
7:32 of 3rd period - Slapshot by Zach Werenski.
7:32 of 3rd period - Stopped by Elvis Merzlikins with a rebound.
9:36 of 3rd period - Brendan Gaunce is hit by Riley Armstrong and loses puck.
9:49 of 3rd period - Daultan Leveillé is hit by Josh Bailey and loses puck.
10:06 of 3rd period - Jacob Josefson is hit by Nicolas Petan.
10:21 of 3rd period - Matthew Benning is hit by Josh Anderson and loses puck.
10:49 of 3rd period - Nathan Walker is hit by Dmitri Orlov and loses puck.
11:15 of 3rd period - Brendan Gaunce is hit by Brendan Perlini and loses puck.
11:44 of 3rd period - Alexandre Carrier is hit by Anthony Cirelli and loses puck.
12:09 of 3rd period - Vladislav Gavrikov is hit by Markus Nutivaara.
12:57 of 3rd period - Wrist shot by Mikko Rantanen.
12:57 of 3rd period - Stopped by Elvis Merzlikins with a rebound.
12:59 of 3rd period - Slapshot by Daultan Leveillé.
12:59 of 3rd period - Shot Misses the Net.
13:05 of 3rd period - Andy Andreoff is hit by Nathan Walker and loses puck.
13:10 of 3rd period - Snap shot by Nathan Walker.
13:10 of 3rd period - Stopped by Alexandar Georgiev with a rebound.
13:40 of 3rd period - Icing by Brendan Perlini.
13:41 of 3rd period - Nicholas Baptiste wins face-off versus Dominik Kahun in Monarchs zone.
13:48 of 3rd period - Wrist shot by Jordan Martinook.
13:48 of 3rd period - Shot Misses the Net.
13:50 of 3rd period - Snap shot by Josh Bailey.
13:50 of 3rd period - Stopped by Alexandar Georgiev without a rebound.
13:51 of 3rd period - Brendan Gaunce wins face-off versus JT Compher in Monarchs zone.
14:00 of 3rd period - Snap shot by Brendan Gaunce.
14:00 of 3rd period - Shot Blocked by Dmitri Orlov.
14:06 of 3rd period - Brock Boeser is hit by Iiro Pakarinen and loses puck.
14:19 of 3rd period - Ludwig Bystrom is hit by Zach Werenski and loses puck.
14:39 of 3rd period - Snap shot by Jordan Martinook.
14:39 of 3rd period - Stopped by Alexandar Georgiev without a rebound.
14:40 of 3rd period - Miro Aaltonen wins face-off versus Daultan Leveillé in Monarchs zone.
15:34 of 3rd period - Slapshot by Anthony Cirelli.
15:34 of 3rd period - Shot Misses the Net.
15:36 of 3rd period - Wrist shot by Jacob De La Rose.
15:36 of 3rd period - Shot Misses the Net.
16:24 of 3rd period - Slapshot by Josh Bailey.
16:24 of 3rd period - Stopped by Alexandar Georgiev without a rebound.
16:25 of 3rd period - Miro Aaltonen wins face-off versus Mikko Rantanen in Monarchs zone.
16:49 of 3rd period - Alexandre Carrier is hit by Nicholas Baptiste and loses puck.
17:37 of 3rd period - Wrist shot by Jordan Martinook.
17:37 of 3rd period - Goal by Jordan Martinook - Monarchs : 4 - Knights : 5.
17:38 of 3rd period - Jacob Josefson wins face-off versus Miro Aaltonen in neutral zone.
17:40 of 3rd period - Minor Penalty to Nicholas Baptiste for Hooking.
17:41 of 3rd period - Miro Aaltonen wins face-off versus Anthony Cirelli in Monarchs zone.
17:43 of 3rd period - Snap shot by Miro Aaltonen.
17:43 of 3rd period - Stopped by Alexandar Georgiev without a rebound.
17:44 of 3rd period - Miro Aaltonen wins face-off versus Anthony Cirelli in Monarchs zone.
17:47 of 3rd period - Snap shot by Miro Aaltonen.
17:47 of 3rd period - Shot Misses the Net.
17:49 of 3rd period - Snap shot by Miro Aaltonen.
17:49 of 3rd period - Stopped by Alexandar Georgiev without a rebound.
17:50 of 3rd period - Miro Aaltonen wins face-off versus Anthony Cirelli in Monarchs zone.
17:55 of 3rd period - Snap shot by Alex Iafallo.
17:55 of 3rd period - Shot Blocked by Anthony Cirelli.
17:57 of 3rd period - Snap shot by Miro Aaltonen.
17:57 of 3rd period - Deflect By Alex Iafallo.
17:57 of 3rd period - Goal by Alex Iafallo - Monarchs : 4 - Knights : 6.
17:58 of 3rd period - Miro Aaltonen wins face-off versus Jacob Josefson in neutral zone.
18:25 of 3rd period - Brendan Gaunce is hit by Daultan Leveillé and loses puck.
18:34 of 3rd period - Snap shot by Daultan Leveillé.
18:34 of 3rd period - Goal by Daultan Leveillé - Monarchs : 5 - Knights : 6.
18:35 of 3rd period - Jacob Josefson wins face-off versus Miro Aaltonen in neutral zone.
19:00 of 3rd period - Zach Werenski is hit by Mirco Mueller and loses puck.
19:17 of 3rd period - Monarchs , Alexandar Georgiev is pulled from the net.
19:21 of 3rd period - Snap shot by Brendan Perlini.
19:21 of 3rd period - Shot Blocked by Iiro Pakarinen.
19:33 of 3rd period - Snap shot by Jacob Josefson.
19:33 of 3rd period - Shot Misses the Net.
19:35 of 3rd period - Wrist shot by Brendan Perlini.
19:35 of 3rd period - Shot Blocked by Mirco Mueller.
19:37 of 3rd period - Slapshot by Dmitri Orlov.
19:37 of 3rd period - Stopped by Elvis Merzlikins with a rebound.
19:41 of 3rd period - Snap shot by Brendan Perlini.
19:41 of 3rd period - Goal by Brendan Perlini - Monarchs : 6 - Knights : 6.
19:41 of 3rd period - Alexandar Georgiev from Monarchs was sent back in the game.
19:42 of 3rd period - Brendan Gaunce wins face-off versus Riley Armstrong in neutral zone.
Goals for this period are 2 for Monarchs vs 2 for Knights.
Shots for this period are 9 for Monarchs vs 10 for Knights.
Overtime #1
0:01 of 1st overtime period - Daultan Leveillé wins face-off versus Miro Aaltonen in neutral zone.
0:05 of 1st overtime period - Off-side.
0:06 of 1st overtime period - Daultan Leveillé wins face-off versus Miro Aaltonen in neutral zone.
0:08 of 1st overtime period - Off-side.
0:09 of 1st overtime period - Daultan Leveillé wins face-off versus Miro Aaltonen in neutral zone.
0:18 of 1st overtime period - Wrist shot by Mikko Rantanen.
0:18 of 1st overtime period - Goal by Mikko Rantanen - Monarchs : 7 - Knights : 6.
Goals for this period are 1 for Monarchs vs 0 for Knights.
Shots for this period are 1 for Monarchs vs 0 for Knights.